 Dungeon Crawl Stone Soup version 0.30-a0-691-g754fce4c43 (webtiles) character file.

Game seed: 17584037420214313080

3 Newt the Ducker (level 1, 0/16 HPs)
             Began as a Demonspawn Gladiator on Jan 19, 2023.
             Frozen to death by an endoplasm (4 damage)
             ... on level 1 of the Dungeon.
             The game lasted 00:00:11 (45 turns).

Newt the Ducker (Demonspawn Gladiator)                Turns: 45, Time: 00:00:12

Health: 0/16       AC:  4    Str: 14    XL:     1   Next: 41%
Magic:  1/1        EV: 12    Int:  9    God:
Gold:   0          SH:  0    Dex: 14    Spells: 0/0 levels left

rFire   . . .      SeeInvis .    a - +0 rapier
rCold   . . .      Faith    .    (no shield)
rNeg    . . .      Spirit   .    b - +0 leather armour
rPois   .          Reflect  .    c - +0 helmet
rElec   .          Harm     .    (no cloak)
rCorr   .          Rampage  .    (no gloves)
Will    .....                    (no boots)
Stlth   +                        (no amulet)
HPRegen 0.22/turn                (no ring)
MPRegen 0.07/turn                (no ring)

@: no status effects
A: no striking features
a: no special abilities


You were on level 1 of the Dungeon.
You visited 1 branch of the dungeon, and saw 1 of its levels.

Inventory:

Hand Weapons
 a - a +0 rapier (weapon)
Missiles
 d - 3 throwing nets (quivered)
Armour
 b - a +0 leather armour (worn)
 c - a +0 helmet (worn)
Scrolls
 f - a scroll of teleportation {unknown}
Potions
 g - a potion of degeneration {unknown}


   Skills:
 - Level 2.0 Fighting
 - Level 2.6 Short Blades
 - Level 1.7 Throwing
 - Level 2.6 Dodging
 + Level 1.0 Stealth


You couldn't memorise any spells.
You didn't know any spells.
Your spell library was empty.

Dungeon Overview and Level Annotations

Branches:
Dungeon (1/15)

Altars:


Message History

You are frozen.
The hobgoblin closely misses you.
You escape the ball python's grasp.
The ball python attacks as you move away!
The ball python bites you but does no damage.
The hobgoblin attacks as you move away! The hobgoblin barely misses you.
The endoplasm attacks as you move away! The endoplasm hits you.
* * * LOW HITPOINT WARNING * * *
The ball python attacks as you move away!
The ball python completely misses you. The endoplasm attacks as you move away!
The endoplasm hits you but does no damage.
The endoplasm attacks as you move away! The endoplasm misses you.
The ball python attacks as you move away!
The ball python bites you but does no damage.
The ball python closely misses you. The endoplasm attacks as you move away!
The endoplasm hits you.
* * * LOW HITPOINT WARNING * * *
The ball python bites you but does no damage.
The ball python barely misses you.
Throw: javelin
Press: ? - help, Shift-Dir - straight line You throw a javelin.
The javelin closely misses the ball python.
The javelin pierces through the hobgoblin!
You kill the hobgoblin!
The ball python bites you but does no damage.
The ball python misses you.
The ball python attacks as you move away!
The ball python closely misses you. The ball python bites you.
* * * LOW HITPOINT WARNING * * *
The ball python barely misses you.
You closely miss the ball python. The ball python closely misses you.
The ball python grabs you. The ball python constricts you.
You puncture the ball python!
You kill the ball python!
Your Stealth skill increases to level 1!
You barely miss the endoplasm. The endoplasm freezes you.
You are frozen.
You die...

###...## #......#
#∩.....##
##.....∩#
##.....∩#
#∩...÷.∩##
##.......##
#....÷##.#######
##.....#...J@..∩#
#......#∩∩.##..∩#
#∩.....#∩∩.##..##
##.÷...#.......#
##........?....##
#∩.............∩#
##.....÷.......∩#
#∩###.∩##....∩##
### ######?†(##


You could see an endoplasm.

Vanquished Creatures
  A ball python (D:1)
  A hobgoblin (D:1)
  A rat (D:1)
3 creatures vanquished.

Notes
Turn   | Place    | Note
-------+----------+-------------------------------------------
     0 | D:1      | Newt the Demonspawn Gladiator began the quest for the Orb.
     0 | D:1      | Reached XP level 1. HP: 16/16 MP: 1/1
    45 | D:1      | Reached skill level 1 in Stealth
    45 | D:1      | Frozen to death by an endoplasm

Illustrated notes

Levels and vault maps discovered:
D:1:      amcnicky_arrival_abandoned_market, layout_basic

Skill      XL: |  1 |
---------------+----+-----
Stealth        | 1 |  1.0
Fighting       | |  2.0
Short Blades   | |  2.6
Throwing       | |  1.7
Dodging        | |  2.6

Action                   || total
-------------------------++-------
Melee: Rapier            ||     8
Throw: Javelin           ||     1
Armor: Leather armour    ||     8
Dodge: Dodged            ||    18

Table legend: (Time is in decaauts)
 A = Elapsed time spent in this place.
 B = Non-inter-level travel time spent in this place.
 C = Inter-level travel time spent in this place.
 D = Time resting spent in this place.
 E = Time spent auto-exploring this place.
 F = Levels seen in this place.
 G = Mean time per level.
                   A        B        C        D        E       F      G
               +--------+--------+--------+--------+--------+-----+--------+
         Total |     45 |     45 |      0 |      0 |     19 |   1 |   45.0 |
       Dungeon |     45 |     45 |      0 |      0 |     19 |   1 |   45.0 |
               +--------+--------+--------+--------+--------+-----+--------+

Top non-repeatable levels by time:
     D:1: 45 daAuts
